 Dungeon Crawl Stone Soup version 0.26-a0-610-g3e9335bbc7 (webtiles) character file.

Game seed: 3509102550282112274

1889 Gargoyl the Skirmisher (level 9, -4/109 HPs)
             Began as a Gnoll Abyssal Knight on Sept 3, 2020.
             Was an Elder of Lugonu.
             Slain by a shadow (6 damage)
             ... on level 6 of the Dungeon.
             The game lasted 00:09:00 (6688 turns).

Gargoyl the Skirmisher (Gnoll Abyssal Knight)       Turns: 6688, Time: 00:09:00

Health: -4/109     AC: 19    Str: 18    XL:     9   Next: 15%
Magic:  14/14      EV:  8    Int: 14    God:    Lugonu [****..]
Gold:   290        SH:  0    Dex: 15    Spells: 15/15 levels left

rFire    . . .     SeeInvis .   a - +2 hand axe
rCold    . . .     Faith    .   (no shield)
rNeg     . . .     Spirit   .   c - +4 plate armour
rPois    .         Reflect  .   q - +0 helmet
rElec    .         Harm     .   g - +0 cloak
rCorr    .                      (no gloves)
MR       .....                  (no boots)
Stlth    ..........             (no amulet)
HPRegen  0.28/turn              (no ring)
MPRegen  0.14/turn              (no ring)

@: berserking, very quick
A: distributed training, fangs 1, strong nose
a: Depart the Abyss, Bend Space, Banish, Corrupt, Renounce Religion


You were on level 6 of the Dungeon.
You worshipped Lugonu.
Lugonu was greatly pleased with you.
You visited 1 branch of the dungeon, and saw 6 of its levels.
You visited the Abyss 1 time.

You collected 290 gold pieces.

Inventory:

Hand Weapons
 a - a +2 hand axe (weapon)
Missiles
 d - 6 boomerangs (quivered)
Armour
 c - a +4 plate armour (worn)
 g - a +0 cloak (worn)
 q - a +0 helmet (worn)
Wands
 j - a wand of paralysis (10)
 u - a wand of digging (5)
Scrolls
 h - 3 scrolls of remove curse
 k - 2 scrolls of fog
 m - 2 scrolls of fear
 n - a scroll of identify
Potions
 b - 2 potions of lignification
 e - a potion of resistance
 i - a potion of brilliance
 l - a potion of haste
 r - 2 potions of magic
 s - a potion of invisibility
 t - a potion of might


   Skills:
 + Level 7.7 Fighting
 + Level 3.9 Short Blades
 + Level 3.9 Long Blades
 + Level 6.1 Axes
 + Level 3.9 Maces & Flails
 + Level 3.9 Polearms
 + Level 3.9 Staves
 + Level 3.9 Slings
 + Level 3.9 Bows
 + Level 3.9 Crossbows
 + Level 3.9 Throwing
 + Level 6.1 Armour
 + Level 4.8 Dodging
 + Level 3.9 Stealth
 + Level 3.9 Shields
 + Level 3.9 Unarmed Combat
 + Level 3.9 Spellcasting
 + Level 3.2 Conjurations
 + Level 3.2 Hexes
 + Level 3.2 Summonings
 + Level 3.2 Necromancy
 + Level 3.2 Translocations
 + Level 3.2 Transmutations
 + Level 3.2 Fire Magic
 + Level 3.2 Ice Magic
 + Level 3.2 Air Magic
 + Level 3.2 Earth Magic
 + Level 3.2 Poison Magic
 + Level 6.4 Invocations
 + Level 3.9 Evocations


You had 15 spell levels left.
You didn't know any spells.
Your spell library was empty.

Dungeon Overview and Level Annotations

Branches:
Dungeon (6/15)             Temple (0/1) D:5

Altars:
Ashenzari
Fedhas
Kikubaaqudgha
Makhleb
Sif Muna
Xom
Zin

Annotations:
D:5 exclusion: oklob plant


Innate Abilities, Weirdness & Mutations

Your experience applies equally to all skills.
You have very sharp teeth.
Your uncanny sense of smell can sniff out nearby items.


Message History

The shadow strikes at you from the darkness!
Reactivating autopickup.
The bullfrog snags a nearby fly with its tongue.
The orc hits you from afar with a +0 trident of freezing.
The orc freezes you.
The shadow slips into darkness.
The shadow flickers and vanishes!
Deactivating autopickup; reactivate with Ctrl-A.
The shadow strikes at you from the darkness!
* * * LOW HITPOINT WARNING * * *
Reactivating autopickup.
You completely miss the shadow. You bite the shadow, but do no damage.
The shadow is almost destroyed.
The shadow slips into darkness.
The shadow flickers and vanishes!
Deactivating autopickup; reactivate with Ctrl-A.
A red film seems to cover your vision as you go berserk!
You feel yourself moving faster!
You feel mighty! The orc barely misses you.
The shadow strikes at you from the darkness!
You die...

#...###[#
...#.#
#####oO## #.#
#.).FoWz#
#.###o###o#..#
#..##F#
#.#.....
#..##o#
#.#.......
#..##{#
#.#.......
#..##@#
..#.......
#..##.#
..#.......
######...#.#
..########
#........#.#
#.####.#...#
#.####.#...#
#.##<#.#...#
#.##)#.#.#.#
#...)..#.#.#


You could see a bullfrog and 2 orcs.

Vanquished Creatures
  The ghost of pantherbaby0 the Sneak, a novice DsDe (D:3)
  The ghost of rasy the Cleaver, an amateur MiFi (D:4)
  The ghost of rasy the Cudgeler, an amateur MiFi of Okawaru (D:3)
  Menkaure (D:4)
  2 orc warriors
  A sky beast (D:5)
  The ghost of fly the Sneak, an amateur HuDe (D:3)
  A water moccasin skeleton (D:4)
  9 orc wizards
  4 orc priests
  A bullfrog skeleton (D:6)
  A centaur skeleton (D:6)
  An iguana (D:5)
  A worker ant (D:4)
  Robin (D:3)
  9 gnolls
  5 adders
  A shadow imp (D:5)
  An ooze (D:2)
  An adder zombie (D:4)
  An adder skeleton (D:4)
  2 worms
  2 dart slugs
  28 orcs
  6 giant cockroaches
  15 goblins
  8 hobgoblins
  13 jackals
  3 quokkas
  A ball python (D:5)
  5 bats
  A frilled lizard (D:2)
  10 kobolds
  A leopard gecko skeleton (D:4)
  9 rats
149 creatures vanquished.

Notes
Turn   | Place    | Note
-------+----------+-------------------------------------------
     0 | Abyss:1  | Gargoyl the Gnoll Abyssal Knight began the quest for the
                  | Orb.
     0 | Abyss:1  | Reached XP level 1. HP: 23/23 MP: 3/3
    90 | Abyss:1  | Noticed a large abomination
   105 | Abyss:1  | Noticed a large abomination
   117 | Abyss:1  | Noticed a small abomination
   121 | D:1      | Escaped the Abyss
   265 | D:1      | Reached XP level 2. HP: 27/29 MP: 5/5
   555 | D:1      | Reached * piety under Lugonu
   579 | D:1      | Reached XP level 3. HP: 35/35 MP: 6/6
   957 | D:2      | Reached skill level 1 in Short Blades
   957 | D:2      | Reached skill level 1 in Long Blades
   957 | D:2      | Reached skill level 1 in Maces & Flails
   957 | D:2      | Reached skill level 1 in Polearms
   957 | D:2      | Reached skill level 1 in Staves
   957 | D:2      | Reached skill level 1 in Slings
   957 | D:2      | Reached skill level 1 in Bows
   957 | D:2      | Reached skill level 1 in Crossbows
   957 | D:2      | Reached skill level 1 in Throwing
   957 | D:2      | Reached skill level 1 in Stealth
   957 | D:2      | Reached skill level 1 in Shields
   957 | D:2      | Reached skill level 1 in Unarmed Combat
   957 | D:2      | Reached skill level 1 in Spellcasting
   957 | D:2      | Reached skill level 1 in Evocations
   971 | D:2      | Reached XP level 4. HP: 37/41 MP: 7/7
  1265 | D:2      | Reached ** piety under Lugonu
  1456 | D:2      | Found a shimmering blue altar of Sif Muna.
  1456 | D:2      | Found an ancient bone altar of Kikubaaqudgha.
  1480 | D:2      | Reached skill level 1 in Conjurations
  1480 | D:2      | Reached skill level 1 in Hexes
  1480 | D:2      | Reached skill level 1 in Summonings
  1480 | D:2      | Reached skill level 1 in Necromancy
  1480 | D:2      | Reached skill level 1 in Translocations
  1480 | D:2      | Reached skill level 1 in Transmutations
  1480 | D:2      | Reached skill level 1 in Fire Magic
  1480 | D:2      | Reached skill level 1 in Ice Magic
  1480 | D:2      | Reached skill level 1 in Air Magic
  1480 | D:2      | Reached skill level 1 in Earth Magic
  1480 | D:2      | Reached skill level 1 in Poison Magic
  1746 | D:3      | Noticed Robin
  1754 | D:3      | Killed Robin
  1767 | D:3      | Reached XP level 5. HP: 47/47 MP: 8/8
  2329 | D:3      | Found a glowing silver altar of Zin.
  2524 | D:4      | Noticed Menkaure
  2530 | D:4      | Killed Menkaure
  2530 | D:4      | Reached skill level 5 in Invocations
  2530 | D:4      | Reached XP level 6. HP: 53/53 MP: 9/9
  2548 | D:4      | Found a shimmering altar of Xom.
  2562 | D:4      | Reached skill level 5 in Axes
  2562 | D:4      | Reached skill level 5 in Armour
  2576 | D:4      | Found a runed translucent gate.
  2576 | D:4      | Found a runed translucent gate.
  2579 | D:4      | Noticed rasy's ghost (amateur MiFi)
  2580 | D:4      | Found a runed translucent gate.
  2580 | D:4      | Noticed pantherbaby0's ghost (novice DsDe)
  2580 | D:4      | Noticed fly's ghost (amateur HuDe)
  2580 | D:4      | Noticed rasy's ghost (amateur MiFi)
  2660 | D:4      | Reached *** piety under Lugonu
  2851 | D:4      | Found a burning altar of Makhleb.
  2851 | D:4      | Noticed an Executioner
  2942 | D:4      | Found a shattered altar of Ashenzari.
  3253 | D:3      | Killed pantherbaby0's ghost
  3253 | D:3      | Reached skill level 7 in Fighting
  3253 | D:3      | Reached XP level 7. HP: 22/60 MP: 9/11
  3613 | D:3      | Killed rasy's ghost
  3628 | D:3      | Killed fly's ghost
  3628 | D:3      | Reached XP level 8. HP: 27/67 MP: 12/12
  3866 | D:4      | Killed rasy's ghost
  4090 | D:5      | Entered Level 5 of the Dungeon
  4654 | D:5      | HP: 1/67 [something/magic dart (4)]
  5185 | D:5      | Reached **** piety under Lugonu
  5307 | D:5      | Found a blossoming altar of Fedhas.
  5320 | D:5      | Noticed an oklob plant
  5398 | D:5      | Found a staircase to the Ecumenical Temple.
  6019 | D:5      | Reached XP level 9. HP: 50/73 MP: 14/14
  6686 | D:6      | HP: 1/73 [something (24)]
  6688 | D:6      | Slain by a shadow

Illustrated notes

Levels and vault maps discovered:
D:1:      dpeg_arrival_ratfight, layout_loops_ring
D:2:      layout_rooms, gammafunk_temple_overflow_elements
D:3:      layout_loops_ring, zin_scriptorium, uniq_robin
D:4:      layout_basic, kennysheep_little_box, evilmike_ruin_ashenzari,
          gammafunk_ghost_cemetery, makhleb_altar_promises_db, uniq_menkaure
D:5:      layout_basic, tgw_fedhas, minmay_temple_entry_wispy
D:6:      layout_basic, serial_shops, shop, minmay_manual_mail, uniq_pikel

Skill      XL: |  1  2  3  4  5  6  7  8 |
---------------+-------------------------+-----
Short Blades   | 1 2 3 |  3.9
Long Blades    | 1 2 3 |  3.9
Maces & Flails | 1 2 3 |  3.9
Polearms       | 1 2 3 |  3.9
Staves         | 1 2 3 |  3.9
Slings         | 1 2 3 |  3.9
Bows           | 1 2 3 |  3.9
Crossbows      | 1 2 3 |  3.9
Throwing       | 1 2 3 |  3.9
Stealth        | 1 2 3 |  3.9
Shields        | 1 2 3 |  3.9
Unarmed Combat | 1 2 3 |  3.9
Spellcasting   | 1 2 3 |  3.9
Evocations     | 1 2 3 |  3.9
Conjurations   | 1 2 3 |  3.2
Hexes          | 1 2 3 |  3.2
Summonings     | 1 2 3 |  3.2
Necromancy     | 1 2 3 |  3.2
Translocations | 1 2 3 |  3.2
Transmutations | 1 2 3 |  3.2
Fire Magic     | 1 2 3 |  3.2
Ice Magic      | 1 2 3 |  3.2
Air Magic      | 1 2 3 |  3.2
Earth Magic    | 1 2 3 |  3.2
Poison Magic   | 1 2 3 |  3.2
Dodging        | 3 4 |  4.8
Invocations    | 5 6 |  6.4
Axes           | 5 6 |  6.1
Armour         | 5 6 |  6.1
Fighting       | 7 |  7.7

Action                   |  1- 3 |  4- 6 |  7- 9 || total
-------------------------+-------+-------+-------++-------
Melee: Hand axe          |    87 |   209 |   321 ||   617
       Bite              |     7 |    30 |    48 ||    85
       Punch             |       |       |     4 ||     4
Invok: Depart the Abyss  |     1 |       |       ||     1
  Use: Scroll            |       |    13 |     4 ||    17
       Potion            |       |       |     5 ||     5
Armor: Plate armour      |    99 |   180 |   272 ||   551
       Skin              |       |       |    14 ||    14
Dodge: Dodged            |    24 |    66 |   136 ||   226

Table legend: (Time is in decaauts)
 A = Elapsed time spent in this place.
 B = Non-inter-level travel time spent in this place.
 C = Inter-level travel time spent in this place.
 D = Time resting spent in this place.
 E = Time spent auto-exploring this place.
 F = Levels seen in this place.
 G = Mean time per level.
                   A        B        C        D        E       F      G
               +--------+--------+--------+--------+--------+-----+--------+
         Total |   6727 |   6539 |    188 |   2448 |   2634 |   7 |  961.0 |
       Dungeon |   6605 |   6417 |    188 |   2448 |   2565 |   6 | 1100.8 |
         Abyss |    121 |    121 |      0 |      0 |     69 |   1 |  121.0 |
               +--------+--------+--------+--------+--------+-----+--------+

Top non-repeatable levels by time:
     D:5: 1873 daAuts
     D:3: 1450 daAuts
     D:4: 1450 daAuts
     D:1: 805 daAuts
     D:2: 632 daAuts
     D:6: 393 daAuts
 Abyss:1: 121 daAuts
